 Dungeon Crawl Stone Soup version 0.23-a0-703-gdf2d5e0 (console) character file.

552 bli the Chopper (level 7, -2/54 HPs)
             Began as a Formicid Abyssal Knight on Jan 13, 2019.
             Was a Believer of Lugonu.
             Slain by a leopard gecko (4 damage)
             ... on level 4 of the Dungeon.
             The game lasted 00:21:00 (4099 turns).

bli the Chopper (Formicid Abyssal Knight)           Turns: 4099, Time: 00:21:01

Health: -2/54      AC: 10    Str: 17    XL:     7   Next: 55%
Magic:  8/8        EV:  9    Int: 12    God:    Lugonu [**....]
Gold:   179        SH:  0    Dex: 11    Spells: 6/6 levels left

rFire    x . .     SeeInvis +   H - +0 broad axe
rCold    + . .     Gourm    .   (no shield)
rNeg     . . .     Faith    .   E - +2 scale mail {MR+}
rPois    .         Spirit   .   (helmet unavailable)
rElec    .         Reflect  .   (no cloak)
rCorr    .         Harm     .   (no gloves)
MR       +....                  B - +0 pair of boots
Stlth    ..........             (no amulet)
HPRegen  0.18/turn              e - ring of ice
MPRegen  0.11/turn              (no ring)

@: invisible
A: permanent stasis, dig shafts and tunnels, four strong arms, antennae 3
a: Dig, Shaft Self, Depart the Abyss, Bend Space, Renounce Religion


You were on level 4 of the Dungeon.
You worshipped Lugonu.
Lugonu was pleased with you.
You were not hungry.

You visited 1 branch of the dungeon, and saw 4 of its levels.
You visited the Abyss 1 time.

You collected 179 gold pieces.

Inventory:

Hand Weapons
 a - a +1 hand axe
 o - a +0 whip
 y - a +0 blowgun
 C - a +0 flail
 H - a +0 broad axe (weapon)
 I - a +0 spear
 L - a -3 war axe
Missiles
 p - 126 stones (quivered)
 z - 45 poisoned needles
 M - 14 sling bullets
Armour
 b - a +0 leather armour
 m - a +0 ring mail
 n - a +0 scale mail
 w - a +1 robe of magic resistance
 A - a +0 ring mail
 B - a +0 pair of boots (worn)
 D - a +0 scale mail
 E - a +2 scale mail of magic resistance (worn)
Jewellery
 e - a ring of ice (left hand)
Wands
 F - a wand of disintegration (9)
Scrolls
 d - 2 scrolls of fog
 g - 3 scrolls of amnesia
 h - a scroll of fear
 l - a scroll of magic mapping
 q - a scroll of teleportation {unknown}
 s - a scroll of noise {unknown}
 u - a scroll of blinking {unknown}
 G - a scroll of remove curse
Potions
 f - a potion of resistance {unknown}
 j - a potion of heal wounds {unknown}
 k - a potion of brilliance {unknown}
 r - a potion of might {unknown}
 t - a potion of invisibility
 v - a potion of flight {unknown}
 x - a potion of magic {unknown}
 J - a potion of degeneration {unknown}
Comestibles
 c - 11 rations
 K - 3 chunks of flesh


   Skills:
 + Level 4.1 Fighting
 * Level 6.8 Axes
 * Level 3.6 Armour
 - Level 1.0 Dodging
 * Level 2.3 Invocations


You had 6 spell levels left.
You didn't know any spells.
Your spell library was empty.

Dungeon Overview and Level Annotations

Branches:
Dungeon (4/15)
 Temple: D:4-7

Altars:
Kikubaaqudgha


Innate Abilities, Weirdness & Mutations

You cannot be hasted, slowed, berserked, paralysed or teleported.
You can dig through walls and to a lower floor.
Your four strong arms can wield two-handed weapons with a shield.
You have a pair of large antennae on your head. (SInv)


Message History

Lugonu accepts your kill. The leopard gecko bites you.
* * * LOW HITPOINT WARNING * * *
The gnoll hits you but does no damage. x2
The leopard gecko bites you but does no damage.
You see here a water moccasin corpse.
Your scale mail prevents you from hitting the leopard gecko.
The leopard gecko bites you but does no damage.
You barely miss the leopard gecko. The leopard gecko bites you.
* * * LOW HITPOINT WARNING * * *
The leopard gecko misses you. The gnoll hits you but does no damage.
You barely miss the leopard gecko.
The leopard gecko bites you but does no damage.
The gnoll hits you from afar with a +0 halberd.
* * * LOW HITPOINT WARNING * * *
The leopard gecko closely misses you.
It was a potion of invisibility.
You fade into invisibility!
The gnoll closely misses you. The leopard gecko bites you.
You die...

.##................####
......................#
...#....#......#.#....###
...##...#......###....#.##
......................#..#
....#....................#
#..##....................##
....#............g........##
#..........##....g...##g...###
###.............l#.###..##).(....
#.............@#.gg#....#s...##
#.....#.##.....##......##...##
######..#......#####.......(#
#..#.......รท....###.......#
##..#....###.###.# .#.......
####...##...###...# .#.......
##.##...#....##....#.#........
#...##.........._......... ..
..#.......##.#....##....#
..#.##..####.#...## .....
...........#.###.###.....


You could see 2 gnolls and a leopard gecko.

Vanquished Creatures
  A water moccasin (D:4)
  A scorpion (D:4)
  A howler monkey (D:3)
  2 orc priests
  2 orc wizards (D:3)
  An iguana (D:4)
  Jessica (D:2)
  A worker ant (D:4)
  2 gnolls (D:4)
  6 adders
  An ooze (D:3)
  A worm (D:2)
  A dart slug (D:1)
  A leopard gecko (D:1)
  13 orcs
  5 bats
  6 giant cockroaches
  10 goblins
  4 hobgoblins
  7 kobolds
  4 quokkas
  3 frilled lizards
  6 rats
80 creatures vanquished.

Notes
Turn   | Place    | Note
-------+----------+-------------------------------------------
     0 | Abyss:1  | bli the Formicid Abyssal Knight began the quest for the
                  | Orb.
     0 | Abyss:1  | Reached XP level 1. HP: 18/18 MP: 2/2
    79 | Abyss:1  | Noticed a small abomination
    81 | Abyss:1  | Noticed a large abomination
    82 | Abyss:1  | Noticed a small abomination
    83 | D:1      | Escaped the Abyss
   187 | D:1      | Reached * piety under Lugonu
   225 | D:1      | Reached XP level 2. HP: 22/24 MP: 3/3
   689 | D:1      | Reached skill level 3 in Axes
  1217 | D:2      | Reached XP level 3. HP: 29/29 MP: 4/4
  1324 | D:2      | Noticed Jessica
  1454 | D:2      | Killed Jessica
  1454 | D:2      | Reached skill level 4 in Axes
  1454 | D:2      | Reached skill level 1 in Dodging
  1454 | D:2      | Reached XP level 4. HP: 32/35 MP: 5/5
  2467 | D:3      | Reached XP level 5. HP: 27/41 MP: 6/6
  2611 | D:3      | Reached ** piety under Lugonu
  2615 | D:3      | Reached skill level 5 in Axes
  2905 | D:3      | Reached XP level 6. HP: 27/47 MP: 7/7
  3765 | D:4      | Reached skill level 6 in Axes
  3908 | D:4      | Found an ancient bone altar of Kikubaaqudgha.
  3923 | D:4      | Noticed a water moccasin
  3937 | D:4      | Killed a water moccasin
  3937 | D:4      | Reached XP level 7. HP: 36/53 MP: 8/8
  4098 | D:4      | HP: 2/54 [gnoll/+0 halberd (2)]
  4099 | D:4      | Slain by a leopard gecko

Vault maps used:
D:1:      psy_arrival_basics
D:2:      chequers_serial_rivers_micro_c, kennysheep_generic_room_12,
          uniq_jessica
D:3:      minmay_door_path, nrook_loot_triangle, kennysheep_generic_room_14
D:4:      nicolae_overflow_crystal_walls, makhleb_grotto_becter

Skill      XL: |  1  2  3  4  5  6  7 |
---------------+----------------------+-----
Axes           | 3 4 5 6 |  6.8
Dodging        | 1 |  1.0
Armour         | 3 |  3.6
Fighting       | 4 |  4.1
Invocations    | |  2.3

Action                   |  1- 3 |  4- 6 |  7- 9 || total
-------------------------+-------+-------+-------++-------
Melee: Hand axe          |    75 |   158 |       ||   233
       Broad axe         |       |    20 |    26 ||    46
 Fire: Blowgun           |       |     5 |     2 ||     7
Throw: Stone             |     2 |    35 |    11 ||    48
Invok: Depart the Abyss  |     1 |       |       ||     1
 Abil: Dig               |     6 |     2 |       ||     8
  Use: Potion            |       |     1 |     2 ||     3
       Scroll            |       |     6 |       ||     6
  Eat: Chunk             |     2 |     8 |     1 ||    11
Armor: Leather armour    |    13 |       |       ||    13
       Robe              |       |    14 |       ||    14
       Ring mail         |       |    20 |       ||    20
       Scale mail        |       |    14 |    29 ||    43
Dodge: Dodged            |    45 |    96 |    21 ||   162

Table legend:
 A = Non-vault XP
 B = Vault XP
 C = Vault XP percentage of total XP
 D = Non-vault monster count
 E = Vault monster count
 F = Vault count percentage of total count
                 A         B        C        D         E       F
            +---------+---------+-------+---------+---------+-------
      Total |     741 |      48 |   6.1 |      76 |       4 |   5.0
            +---------+---------+-------+---------+---------+-------
        D:1 |      23 |       0 |   0.0 |      12 |       0 |   0.0
        D:2 |      51 |      39 |  43.3 |      15 |       2 |  11.8
        D:3 |     263 |       9 |   3.3 |      31 |       2 |   6.1
        D:4 |     404 |       0 |   0.0 |      18 |       0 |   0.0
            +---------+---------+-------+---------+---------+-------
